 Dungeon Crawl Stone Soup version 0.32-a0-666-ge8a88695a4 (webtiles) character file.

Game seed: 11370452026083546470

157 adelrune the Chopper (level 5, -7/63 HPs)
             Began as a Demonspawn Monk on Mar 9, 2024.
             Killed from afar by a steam dragon (16 damage)
             ... with a ball of steam
             ... on level 6 of the Dungeon.
             The game lasted 00:04:16 (1437 turns).

adelrune the Chopper (Demonspawn Monk)              Turns: 1437, Time: 00:04:17

Health: -7/63      AC: 22    Str: 14    XL:     5   Next: 15%
Magic:  5/5        EV:  2    Int: 10    God:
Gold:   124        SH:  0    Dex: 15    Spells: 4/4 levels left

rFire   . . .        a - +0 hand axe
rCold   + . .        (no shield)
rNeg    . . .        k - melded +0 chain mail {rF+}
rPois   +            (helmet currently unavailable)
rElec   .            (cloak currently unavailable)
rCorr   .            (gloves currently unavailable)
SInv    .            (boots currently unavailable)
Will    .....        (no amulet)
Stlth   +            l - ring of protection from cold
HPRegen 0.30/turn    (no ring)
MPRegen 0.09/turn

%: no passive effects
@: mighty, tree-form
A: stationary, stasis, torment immunity, boosted hp, (hooves 1), (spiny 1),
(sturdy frame 2)
a: no special abilities


You were on level 6 of the Dungeon.
You were a tree.
You visited 1 branch of the dungeon, and saw 4 of its levels.

You collected 124 gold pieces.

Inventory:

Hand Weapons
 a - a +0 hand axe (weapon)
Armour
 b - a +0 robe
 d - an orb of light
 i - a +0 ring mail
 k - a +0 chain mail of fire resistance (melded)
Jewellery
 l - a ring of protection from cold (left branch)
Scrolls
 f - 3 scrolls of identify {unknown}
 h - a scroll of amnesia {unknown}
 j - a scroll of blinking {unknown}
 m - a scroll of noise {unknown}
 n - a scroll of poison {unknown}
Potions
 g - a potion of lignification


   Skills:
 + Level 3.9 Fighting
 * Level 4.2 Axes
 + Level 1.9 Armour
 - Level 2.6 Dodging


You had 4 spell levels left.
You didn't know any spells.
Your spell library contained the following spells:

 Spells                   Type           Power      Damage    Failure   Level
 Freeze                   Ice            0%         1d3       36%         1
 Frozen Ramparts          Ice            0%         1d1       75%         3
 Hailstorm                Conj/Ice       0%         3d5       75%         3


Dungeon Overview and Level Annotations

Branches:
Dungeon (3/15)

Altars:


Innate Abilities, Weirdness & Mutations

You are a tree.
Your roots penetrate the ground, keeping you stationary.
You cannot be teleported.
You are immune to unholy pain and torment.
Your maximum health is greatly increased.
Your equipment is partially melded.
((You have large cloven feet.))
((You are partially covered in sharp spines.))
((Your movements are less encumbered by armour. (ER -4)))


Message History

The steam dragon completely misses you.
The steam dragon claws you but does no damage.
You closely miss the steam dragon.
The steam dragon is heavily wounded.
You are engulfed in a cloud of scalding steam.
The steam dragon bites you but does no damage.
The steam dragon claws you but does no damage.
You hit the steam dragon but do no damage.
The steam dragon is heavily wounded.
You are engulfed in a cloud of scalding steam.
The steam dragon breathes steam at you. The ball of steam hits you!
* * * LOW HITPOINT WARNING * * *
The steam dragon bites you but does no damage.
The steam dragon claws you but does no damage.
You hit the steam dragon but do no damage.
The steam dragon is heavily wounded.
The steam dragon bites you but does no damage.
The steam dragon claws you but does no damage.
You hit the steam dragon but do no damage.
The steam dragon is heavily wounded.
You are engulfed in a cloud of scalding steam.
* * * LOW HITPOINT WARNING * * *
The steam dragon barely misses you.
The steam dragon claws you but does no damage.
You hit the steam dragon but do no damage.
The steam dragon is heavily wounded.
You are engulfed in a cloud of scalding steam.
* * * LOW HITPOINT WARNING * * *
The steam dragon bites you but does no damage.
The steam dragon claws you but does no damage.
It was a potion of might.
You feel very mighty all of a sudden.
The steam dragon bites you but does no damage.
The steam dragon claws you but does no damage.
You barely miss the steam dragon.
The steam dragon is heavily wounded.
The steam dragon breathes steam at you. The ball of steam hits you!
You die...

.>...D....#
..........#
..........#
..........#
.........§######
########...§.†.#
#######.# #D# #♣#
########## #.#
#####........# #§#
....#........###.#
....#............#
....#####'########
....# #.#
....#####.#####.#
................#


You could see a steam dragon (catching breath).

Vanquished Creatures
  2 hounds (D:6)
  An iguana (D:6)
  2 adders (D:2)
  2 dart slugs (D:2)
  2 orcs
  8 ball pythons
  3 endoplasms (D:1)
  3 giant cockroaches
  3 goblins (D:2)
  3 hobgoblins
  3 jackals (D:2)
  A kobold (D:1)
  2 quokkas (D:2)
  3 bats
  2 frilled lizards
  7 rats
47 creatures vanquished.

Notes
Turn   | Place    | Note
-------+----------+-------------------------------------------
     0 | D:1      | adelrune the Demonspawn Monk began the quest for the Orb.
     0 | D:1      | Reached XP level 1. HP: 18/18 MP: 1/1
   149 | D:1      | Reached skill level 3 in Axes
   149 | D:1      | Gained mutation: Your movements are slightly less
                  | encumbered by armour. (ER -2) [demonic ancestry]
   149 | D:1      | Reached XP level 2. HP: 23/24 MP: 2/2
   609 | D:2      | Reached skill level 1 in Armour
   631 | D:2      | Gained mutation: Your movements are less encumbered by
                  | armour. (ER -4) [demonic ancestry]
   631 | D:2      | Reached XP level 3. HP: 29/29 MP: 3/3
  1078 | D:3      | Gained mutation: You have large cloven feet. [demonic
                  | ancestry]
  1078 | D:3      | Reached XP level 4. HP: 33/35 MP: 4/4
  1136 | D:3      | You fall into a shaft and drop 3 floors!
  1327 | D:6      | Reached skill level 4 in Axes
  1340 | D:6      | Gained mutation: You are partially covered in sharp spines.
                  | [demonic ancestry]
  1340 | D:6      | Reached XP level 5. HP: 24/42 MP: 5/5
  1410 | D:6      | Noticed a steam dragon
  1437 | D:6      | Killed from afar by a steam dragon

Illustrated notes

Levels and vault maps discovered:
D:1:      wander_arrival_lonely_grave, layout_loops_cross
D:2:      layout_basic, minmay_statues_item
D:3:      layout_loops_ring, uniq_terence
D:6:      layout_basic, minmay_temple_entry_glass, serial_shops,
          nicolae_shop_pleasant_corner_grove

Skill      XL: |  1  2  3  4 |
---------------+-------------+-----
Axes           | 3 4 |  4.2
Armour         | 1 |  1.9
Fighting       | |  3.9
Dodging        | |  2.6

Action                     |  1- 3 |  4- 6 || total
---------------------------+-------+-------++-------
  Melee: Hand axe          |   112 |    42 ||   154
         Kick              |       |     9 ||     9
    Use: Potion            |       |     3 ||     3
 Armour: Robe              |    14 |       ||    14
         Chain mail        |    55 |    27 ||    82
         Ring mail         |     5 |       ||     5
         Skin              |       |    26 ||    26
  Dodge: Dodged            |    60 |    26 ||    86

Table legend: (Time is in decaauts)
 A = Elapsed time spent in this place.
 B = Non-inter-level travel time spent in this place.
 C = Inter-level travel time spent in this place.
 D = Time resting spent in this place.
 E = Time spent auto-exploring this place.
 F = Levels seen in this place.
 G = Mean time per level.
                   A        B        C        D        E       F      G
               +--------+--------+--------+--------+--------+-----+--------+
         Total |   1454 |   1436 |     18 |    260 |    745 |   4 |  363.5 |
       Dungeon |   1454 |   1436 |     18 |    260 |    745 |   4 |  363.5 |
               +--------+--------+--------+--------+--------+-----+--------+

Top non-repeatable levels by time:
     D:1: 516 daAuts
     D:2: 516 daAuts
     D:6: 305 daAuts
     D:3: 116 daAuts
